 Dungeon Crawl Stone Soup version 0.21.1-1-g345015f (webtiles) character file.

59 infcreate the Shield-Bearer (level 3, -9/33 HPs)
             Began as a Minotaur Fighter on May 17, 2018.
             Killed by divine providence
             ... invoked by an orc priest
              (15 damage)
             ... on level 3 of the Dungeon.
             The game lasted 00:06:14 (1030 turns).

infcreate the Shield-Bearer (Minotaur Fighter)      Turns: 1030, Time: 00:06:15

Health: -9/33      AC: 10    Str: 21    XL:     3   Next: 78%
Magic:  2/2        EV:  5    Int:  5    God:
Gold:   61         SH:  9    Dex:  9    Spells: 2/2 levels left

rFire    . . .     SeeInvis .   a - +0 war axe
rCold    . . .     Gourm    .   c - +0 shield
rNeg     + . .     Faith    .   h - +0 chain mail
rPois    .         Spirit   .   (helmet restricted)
rElec    .         Reflect  .   (no cloak)
rCorr    .         Harm     .   (no gloves)
MR       .....                  b - +0 pair of boots (curse)
Stlth    ..........             (no amulet)
HPRegen  0.11/turn              i - ring of positive energy
MPRegen  0.08/turn              (no ring)

@: no status effects
A: retaliatory headbutt, horns 2
a: no special abilities


You were on level 3 of the Dungeon.
You were hungry.

You visited 1 branch of the dungeon, and saw 3 of its levels.

You collected 61 gold pieces.

Inventory:

Hand Weapons
 a - a +0 war axe (weapon)
Armour
 b - a cursed +0 pair of boots (worn)
 c - a +0 shield (worn)
 h - a +0 chain mail (worn)
Jewellery
 i - a ring of positive energy (left hand)
Scrolls
 g - a scroll of remove curse {unknown}
 j - a scroll of enchant weapon {unknown}
Potions
 d - a potion of might
 e - a potion of heal wounds
Comestibles
 f - 2 rations


   Skills:
 + Level 4.1 Fighting
 + Level 3.5 Axes
 + Level 4.2 Armour
 + Level 4.2 Shields


You had 2 spell levels left.
You didn't know any spells.

Dungeon Overview and Level Annotations

Branches:
Dungeon (3/15)

Altars:
Dithmenos
Fedhas
The Shining One


Innate Abilities, Weirdness & Mutations

You reflexively headbutt those who attack you in melee.
You have a pair of horns on your head.


Message History

You are too injured to fight recklessly!
An orc comes into view. It is wielding a mace.
The orc shouts!
You hear a shout!
You block the orc priest's attack.
You hit the orc priest. Your headbutt misses the orc priest.
The orc priest is lightly wounded.
You are feeling hungry.
The orc priest hits you but does no damage.
You hit the orc priest.
The orc priest is moderately wounded.
The orc priest calls down the wrath of Beogh upon you.
Pain shoots through your body!
* * * LOW HITPOINT WARNING * * *
The orc priest hits you but does no damage.
An orc priest comes into view. It is wielding a hand axe.
You hit the orc priest.
The orc priest is heavily wounded.
The orc priest mumbles some strange prayers to Beogh against you.
Beogh smites you!
You die...

...#. .# ...#..#. .#
.......+... .#
.......#..# .#
......#..# #####.#
.....#..####...#.#
#...#.........'..
####...#.#####...#..
#.o@.).#).# #...#..
......#.)(((..#
#...#.. .....
#..###..####...##.
....
#.................
...
#.#........#######
.. #.#........# # o
#.#........##### #
#.#........'<..# #
#.###......###.###


You could see 2 orc priests.

Vanquished Creatures
  An adder (D:3)
  An ooze (D:2)
  A worm (D:3)
  A leopard gecko (D:1)
  An orc (D:3)
  5 bats
  4 giant cockroaches (D:1)
  4 goblins
  5 hobgoblins (D:1)
  3 jackals (D:1)
  5 kobolds
  4 frilled lizards (D:1)
  4 rats
39 creatures vanquished.

Notes
Turn   | Place    | Note
-------+----------+-------------------------------------------
     0 | D:1      | infcreate the Minotaur Fighter began the quest for the Orb.
     0 | D:1      | Reached XP level 1. HP: 19/19 MP: 0/0
   124 | D:1      | Reached XP level 2. HP: 25/27 MP: 1/1
   479 | D:1      | Reached XP level 3. HP: 33/33 MP: 2/2
   602 | D:1      | Found a glowing golden altar of the Shining One.
   802 | D:2      | Found a shadowy altar of Dithmenos.
   828 | D:2      | Found a blossoming altar of Fedhas.
  1030 | D:3      | Killed from afar by an orc priest

Skill      XL: |  1  2  3 |
---------------+----------+-----
Fighting       | 4 |  4.1
Shields        | 4 |  4.2
Armour         | 4 |  4.2
Axes           | 3 |  3.5

Action                   || total
-------------------------++-------
Melee: War axe           ||    75
       Headbutt          ||    10
  Use: Potion            ||     1
Armor: Scale mail        ||    14
       Chain mail        ||    31
Dodge: Dodged            ||     9
Block: Shield            ||    38
